 Dungeon Crawl Stone Soup version bcrawl-1.31.4 (webtiles) character file.

Game seed: 5317186101177416250

168035 Morbidden the Sneak (level 5, 0/30 HPs)
             Began as a Vine Stalker Archaeologist on June 12, 2021.
             Was an Initiate of Cheibriados.
             Succumbed to Crazy Yiuf's poison
             ... on level 2 of the Dungeon.
             The game lasted 00:04:07 (1831 turns).

Morbidden the Sneak (Vine Stalker Archaeologist)    Turns: 1831, Time: 00:04:08

Health: 0/30       AC: 11    Str: 15    XL:     5   Next: 23%
Magic:  6/6        EV: 11    Int: 15    God:    Cheibriados [......]
Gold:   115        SH:  0    Dex: 14    Spells: 4/4 levels left

rFire    + . .     SeeInvis .   a - +0 short sword (freeze)
rCold    . . .     Gourm    .   (no shield)
rNeg     . . .     Faith    .   j - +1 scale mail {rF+}
rPois    .         Spirit   .   d - +1 hat
rElec    .         Reflect  .   l - +0 cloak
rCorr    .         Harm     .   (no gloves)
MR       .....                  k - +1 pair of boots
Stlth    ++........             (no amulet)
HPRegen  0.50/turn              (no ring)
MPRegen  0.10/turn              (no ring)

@: lethally poisoned (0 -> -1), slowed, studying Dodging, very slow
A: fangs 2, regeneration 1, no potion heal 3, rot immunity, strong jaws
a: Bend Time, Renounce Religion


You were on level 2 of the Dungeon.
You worshipped Cheibriados.
Cheibriados was noncommittal.
You were hungry.

You visited 1 branch of the dungeon, and saw 2 of its levels.

You collected 115 gold pieces.

Inventory:

Hand Weapons
 a - a +0 short sword of freezing (weapon)
 b - a +0 blowgun
Armour
 d - a +1 hat (worn)
 j - a +1 scale mail of fire resistance (worn)
 k - a +1 pair of boots (worn)
 l - a +0 cloak (worn)
Scrolls
 g - 2 scrolls of magic mapping
 h - a scroll of fear {unknown}
 i - a scroll of identify
 o - 3 scrolls of teleportation {unknown}
Potions
 c - a potion of mutation {unknown}
 m - a potion of heal wounds
 n - a potion of agility {unknown}
 p - a potion of curing {unknown}
Comestibles
 e - 2 rations {!d}


   Skills:
 * Level 1.7 Fighting
 * Level 1.3 Short Blades
   Level 1.1 Maces & Flails
 + Level 0.3 Armour
 * Level 5.0 Dodging
 + Level 5.1 Stealth
 * Level 0.7 Invocations


You had 4 spell levels left.
You didn't know any spells.
Your spell library was empty.

Dungeon Overview and Level Annotations

Branches:
Dungeon (2/12)

Altars:
Cheibriados
The Shining One

Annotations:
D:2 Crazy Yiuf


Innate Abilities, Weirdness & Mutations

You have extremely sharp teeth.
Your natural rate of healing is unusually fast.
Potions cannot restore your health.
You are immune to rotting.
Your bites deal extra damage.


Message History

No path to travel!
You hit Crazy Yiuf. You freeze Crazy Yiuf. You bite Crazy Yiuf.
Crazy Yiuf is moderately wounded.
You feel sick.
Crazy Yiuf hits you with a +4 quarterstaff of chaos!
* * * LOW HITPOINT WARNING * * *
You suddenly lose the ability to move!
You feel sick. Crazy Yiuf hits you but does no damage.
Cheibriados protects you from inadvertent hurry.
You feel sick. x2
Crazy Yiuf hits you with a +4 quarterstaff of chaos.
* * * LOW HITPOINT WARNING * * *
You can move again.
Unknown command.
Crazy Yiuf hits you with a +4 quarterstaff of chaos.
* * * LOW HITPOINT WARNING * * *
You feel yourself slow down.
Unknown command.
It was a potion of heal wounds.
That seemed strangely inert.
You die...

#........#
##..#####.#
#....# #.#
♣.P.P♣
#.#####
♣.PP♣♣
#.....# ##
♣♣.♣♣
#.....# #.
♣.♣♣
#.....# #.
♣♣.♣
#.....# #.
♣@♣♣
#.....# #.
♣♣g♣
#.....# #.
#'#
#.....####.
...
#..........
#...#
#.......###
#..)#
#######....
##### ####.
#########
#.....# #


You could see Crazy Yiuf.

Vanquished Creatures
  A crimson imp (D:2)
  Terence (D:2)
  A gnoll (D:2)
  An adder (D:2)
  An ooze (D:2)
  2 dart slugs
  3 leopard geckos
  An orc (D:2)
  2 giant cockroaches
  7 goblins
  7 hobgoblins
  A jackal (D:2)
  7 kobolds
  A ball python (D:1)
  7 bats
  A frilled lizard (D:1)
  7 rats
51 creatures vanquished.

Notes
Turn   | Place    | Note
-------+----------+-------------------------------------------
     0 | D:1      | Morbidden the Vine Stalker Archaeologist began the quest
                  | for the Orb.
     0 | D:1      | Reached XP level 1. HP: 11/11 MP: 2/2
   150 | D:1      | Reached skill level 1 in Maces & Flails
   187 | D:1      | Reached XP level 2. HP: 16/16 MP: 3/3
   373 | D:1      | Reached skill level 1 in Fighting
   596 | D:1      | Reached XP level 3. HP: 20/20 MP: 4/4
   818 | D:2      | Reached skill level 5 in Stealth
   872 | D:2      | Noticed Terence
  1252 | D:2      | Reached XP level 4. HP: 19/25 MP: 5/5
  1275 | D:2      | Found a snail-covered altar of Cheibriados.
  1277 | D:2      | Became a worshipper of Cheibriados the Contemplative
  1319 | D:2      | Killed Terence
  1348 | D:2      | Reached skill level 1 in Short Blades
  1348 | D:2      | Reached XP level 5. HP: 29/29 MP: 6/6
  1348 | D:2      | Identified a scroll of acquirement
  1348 | D:2      | Identified the +7 flail of the Shouting Butterfly {freeze,
                  | rPois MR+ Dex+3} (You acquired it on level 2 of the
                  | Dungeon)
  1348 | D:2      | Identified the +0 cloak of the Teacher {Dex+2} (You
                  | acquired it on level 2 of the Dungeon)
  1534 | D:2      | Reached skill level 5 in Dodging
  1625 | D:2      | Found a glowing golden altar of the Shining One.
  1814 | D:2      | Found a runed door.
  1819 | D:2      | Noticed Crazy Yiuf
  1826 | D:2      | Paralysed by Crazy Yiuf for 4 turns
  1830 | D:2      | HP: 1/30 [Crazy Yiuf/+4 quarterstaff of chaos (5)]
  1831 | D:2      | Succumbed to Crazy Yiuf's poison

Skill      XL: |  1  2  3  4  5 |
---------------+----------------+-----
Maces & Flails | 1 |  1.1
Fighting       | 1 |  1.7
Dodging        | 4 5 |  5.0
Stealth        | 5 |  5.1
Short Blades   | 1 |  1.3
Armour         | |  0.3
Invocations    | |  0.7

Action                   |  1- 3 |  4- 6 || total
-------------------------+-------+-------++-------
Melee: Whip              |    65 |       ||    65
       Bite              |    10 |    12 ||    22
       Short sword       |    87 |    68 ||   155
 Fire: Blowgun           |       |     6 ||     6
  Use: Scroll            |     1 |     1 ||     2
       Potion            |       |     1 ||     1
 Stab: Sleeping          |     3 |     1 ||     4
  Eat: Chunk             |     5 |     4 ||     9
Armor: Robe              |    46 |       ||    46
       Scale mail        |    27 |    36 ||    63
Dodge: Dodged            |   130 |    35 ||   165
